 Dungeon Crawl Stone Soup version 0.29-a0-414-g5075937ec3 (webtiles) character file.

Game seed: 15947138272767634466

18919 jfcaron the Prestidigitator (level 12, -2/92 HPs)
             Began as a Gnoll Artificer on May 15, 2022.
             Was a High Priest of Lugonu.
             Killed themself with a badly aimed iceblast (24 damage)
             ... on level 11 of the Dungeon on May 16, 2022.
             The game lasted 00:48:14 (14453 turns).

jfcaron the Prestidigitator (Gnoll Artificer)      Turns: 14453, Time: 00:48:15

Health: -2/92      AC: 17    Str: 16    XL:     12   Next: 63%
Magic:  23/23      EV: 10    Int: 10    God:    Lugonu [*****.]
Gold:   294        SH:  0    Dex: 14    Spells: 25/26 levels left

rFire   + . .      SeeInvis .   C - +7 staff of the Meek {protect, meekguard}
rCold   . . .      Faith    .   (shield currently unavailable)
rNeg    . . .      Spirit   .   n - +1 chain mail
rPois   +          Reflect  .   (no helmet)
rElec   .          Harm     .   m - +2 cloak
rCorr   .          Rampage  .   (no gloves)
Will    .....                   E - +0 pair of boots
Stlth   +.........              J - amulet of regeneration
HPRegen 1.05/turn               x - ring of protection from fire
MPRegen 0.18/turn               t - ring of poison resistance

@: no status effects
A: fangs 1, strong nose, distributed training
a: Renounce Religion, Depart the Abyss, Bend Space, Banish, Corrupt, Enter the
Abyss


You were on level 11 of the Dungeon.
You worshipped Lugonu.
Lugonu was extremely pleased with you.
You visited 2 branches of the dungeon, and saw 12 of its levels.
You visited the Abyss 1 time.
You also visited: Sewer.

You collected 714 gold pieces.
You spent 420 gold pieces at shops.

Inventory:

Hand Weapons
 o - a +3 dagger of venom
 y - a +3 scimitar of flaming
 C - the +7 staff of the Meek (weapon) {protect, meekguard}
   (You found it on level 5 of the Dungeon)

   It grants its wielder temporary protection when it strikes (+7 to AC).
   It provides extra protection to wielders with little health.
 V - a +1 rapier of electrocution
Missiles
 k - 248 stones (quivered)
 B - 26 poisoned darts
 M - 2 boomerangs
 S - 3 curare-tipped darts {!f}
Armour
 m - a +2 cloak (worn)
 n - a +1 chain mail (worn)
 q - the +2 robe "Yjunt" {rF+}
   (You found it on level 2 of the Dungeon)

   rF:        It protects you from fire.
 u - the +0 buckler "Lusoat" {rElec rC+ Int+4}
   (You found it on level 6 of the Dungeon)

   Int:       It affects your intelligence (+4).
   rC:        It protects you from cold.
   rElec:     It insulates you from electricity.
 v - a +0 plate armour
 E - a +0 pair of boots (worn)
 G - +0 acid dragon scales
 H - +0 steam dragon scales
 R - a +0 kite shield
Magical Staves
 z - a staff of fire
 W - a staff of cold
Jewellery
 t - a ring of poison resistance (right hand)
 x - a ring of protection from fire (left hand)
 J - an amulet of regeneration (around neck)
 Y - a ring of ice
Wands
 c - a wand of flame (3)
 d - a wand of charming (7)
 K - a wand of polymorph (12)
 X - a wand of iceblast (6)
 Z - a wand of digging (5)
Scrolls
 b - a scroll of fog
 h - 4 scrolls of fear
 i - 2 scrolls of vulnerability
 w - 2 scrolls of blinking
 A - 2 scrolls of poison
 F - 2 scrolls of brand weapon {unknown}
 N - 2 scrolls of enchant weapon
 O - 3 scrolls of magic mapping {unknown}
 P - a scroll of amnesia
Potions
 a - 8 potions of attraction
 f - 5 potions of heal wounds
 g - 3 potions of haste
 j - 7 potions of curing
 l - a potion of ambrosia
 p - a potion of magic
 r - 3 potions of mutation
 s - a potion of lignification
 D - a potion of resistance
 I - 2 potions of brilliance
 L - a potion of invisibility
 T - a potion of flight {unknown}
 U - a potion of might
Miscellaneous
 e - a phial of floods


   Skills:
 + Level 8.0 Fighting
 + Level 7.5 Short Blades
 + Level 7.5 Long Blades
 + Level 7.5 Axes
 + Level 7.5 Maces & Flails
 + Level 7.5 Polearms
 + Level 7.5 Staves
 + Level 7.5 Slings
 + Level 7.5 Bows
 + Level 7.5 Crossbows
 + Level 7.5 Throwing
 + Level 8.9 Armour
 + Level 8.0 Dodging
 + Level 7.9 Stealth
 + Level 7.5 Shields
 + Level 7.5 Unarmed Combat
 + Level 7.5 Spellcasting
 + Level 6.2 Conjurations
 + Level 6.2 Hexes
 + Level 6.2 Summonings
 + Level 6.2 Necromancy
 + Level 6.2 Translocations
 + Level 6.2 Transmutations
 + Level 6.2 Fire Magic
 + Level 6.2 Ice Magic
 + Level 6.2 Air Magic
 + Level 6.2 Earth Magic
 + Level 6.2 Poison Magic
 + Level 8.2 Invocations
 + Level 10.0 Evocations


You had 25 spell levels left.
You knew the following spells:

 Your Spells              Type           Power      Damage    Failure   Level
a - Animate Skeleton      Necr           32%        N/A       16%         1

Your spell library contained the following spells:

 Spells                   Type           Power      Damage    Failure   Level
 Apportation              Tloc           32%        N/A       16%         1
 Foxfire                  Conj/Fire      64%        2x1d7     16%         1
 Pain                     Necr           64%        1d7       16%         1
 Ensorcelled Hibernation  Hex/Ice        32%        N/A       24%         2
 Conjure Flame            Conj/Fire      16%        6-21      43%         3
 Inner Flame              Hex/Fire       16%        N/A       43%         3
 Vampiric Draining        Necr           16%        2d7       43%         3
 Flame Wave               Conj/Fire      16%        2d6       85%         4
 Alistair's Intoxication  Tmut/Pois      10%        N/A       99%         5
 Ignition                 Fire           8%         3d5       100%        8
 Fire Storm               Conj/Fire      8%         8d2       100%        9


Dungeon Overview and Level Annotations

Branches:
Dungeon (11/15)            Temple (0/1) D:6            Lair (1/6) D:9
  Sewer (visited)
    Orc: D:9-12

Altars:
Ashenzari
Gozag
Okawaru
Yredelemnul
The Shining One
Beogh
Lugonu

Shops:
D:1 =

Portals:
Abyss: D:11

Annotations:
D:9 exclusion: downstairs
D:11 2 transporters, SoEpicPie's ghost, novice DDFi
Lair:1 dream sheep and hydra guarding entrance


Innate Abilities, Weirdness & Mutations

You have very sharp teeth.
Your uncanny sense of smell can sniff out nearby items.
Your experience applies equally to all skills.


Message History

The seven-headed hydra barely misses you.
You barely miss the seven-headed hydra.
The seven-headed hydra is almost dead.
The seven-headed hydra is no longer covered in acid.
The seven-headed hydra closely misses you.
The seven-headed hydra bites you.
The seven-headed hydra barely misses you. x2
The seven-headed hydra bites you but does no damage. x2
The seven-headed hydra barely misses you.
You sock the seven-headed hydra!
You bite the seven-headed hydra, but do no damage.
The seven-headed hydra is almost dead.
The seven-headed hydra bites you but does no damage. x3
The seven-headed hydra bites you! The seven-headed hydra bites you.
The seven-headed hydra closely misses you.
The seven-headed hydra bites you but does no damage.
You barely miss the seven-headed hydra.
The seven-headed hydra is almost dead.
The seven-headed hydra completely misses you.
The seven-headed hydra bites you but does no damage.
The seven-headed hydra barely misses you.
The seven-headed hydra bites you.
The seven-headed hydra bites you but does no damage.
The seven-headed hydra closely misses you. x2
You sock the seven-headed hydra!
You kill the seven-headed hydra!
Lugonu accepts your kill.
Your Fighting skill increases to level 8!
Your Dodging skill increases to level 8!
The shadow strikes at you from the darkness!
* * * LOW HITPOINT WARNING * * *
Reactivating autopickup.
The shadow slips into darkness.
The shadow flickers and vanishes!
Deactivating autopickup; reactivate with Ctrl-A.
Aiming: Iceblast
Press: ? - help, Shift-Dir - straight line The mass of ice explodes!
The iceblast engulfs something!
The iceblast engulfs you!!
You die...

##'### #..... #..#
####.# ##.# ####.#
###'########.....
#.>...#....'.....
#.....'.####.....
#.....### #.....
############.....#
#.....
#....†.....@.....#
#...).
#..#########.....#
#..... #..#
#####.# ###+##
#''# ### .## .....
.. #...... ###'
#..##.#. #... #.{
#.## #... #.. .
#...


There were no monsters in sight!

Vanquished Creatures
  Fannar (D:11)
  2 hydras (D:11)
  Erolcha (D:9)
  A centaur warrior (D:10)
  3 two-headed ogres
  A tengu warrior (D:10)
  A skeletal warrior (D:10)
  A deep elf pyromancer (D:10)
  2 ugly things
  An elephant (D:9)
  Maggie (D:10)
  An efreet (D:10)
  A yaktaur (D:10)
  A freezing wraith (D:10)
  A troll (D:11)
  A hornet (D:9)
  A centaur simulacrum (D:10)
  Sigmund (D:5)
  A wraith (D:10)
  4 wyverns
  18 yaks
  A vampire (D:10)
  3 basilisks
  5 vampire mosquitoes
  3 steam dragons
  Menkaure (D:5)
  Edmund (D:5)
  3 water moccasins
  Duvessa (D:5)
  4 ice beasts
  3 sky beasts
  5 black bears
  5 orc warriors
  A boggart (D:10)
  2 centaurs
  6 kobold brigands
  5 bullfrogs
  5 scorpions
  2 gnoll sergeants
  A necrophage (D:8)
  Dowan (D:6)
  6 killer bees (D:8)
  2 electric eels (D:10)
  2 howler monkeys
  2 hounds
  2 jellies
  6 orc priests
  3 iguanas
  8 orc wizards
  11 gnolls
  9 adders
  An ufetubus (D:5)
  2 worms
  3 dart slugs
  35 orcs
  7 endoplasms
  5 giant cockroaches
  9 goblins
  8 hobgoblins
  9 jackals
  2 quokkas
  7 ball pythons
  7 bats
  3 frilled lizards
  36 kobolds
  5 rats
  2 fungi (D:9)
  A plant (D:9)
296 creatures vanquished.

Notes
Turn   | Place    | Note
-------+----------+-------------------------------------------
     0 | D:1      | jfcaron the Gnoll Artificer began the quest for the Orb.
     0 | D:1      | Reached XP level 1. HP: 17/17 MP: 1/1
    60 | D:1      | Found Ideeph's Jewellery Shoppe.
    86 | D:1      | Reached XP level 2. HP: 19/23 MP: 2/2
   467 | D:1      | Found a faded altar of an unknown god.
   504 | D:1      | Prayed at the altar of an unknown god.
   504 | D:1      | Became a worshipper of Lugonu the Unformed
   504 | D:1      | Reached * piety under Lugonu
   504 | D:1      | Reached ** piety under Lugonu
   698 | D:1      | Reached XP level 3. HP: 20/28 MP: 3/3
  1352 | D:2      | Reached skill level 1 in Invocations
  1667 | D:2      | Identified the +2 robe "Yjunt" {rF+}
  1677 | D:2      | Reached skill level 1 in Short Blades
  1677 | D:2      | Reached skill level 1 in Long Blades
  1677 | D:2      | Reached skill level 1 in Axes
  1677 | D:2      | Reached skill level 1 in Maces & Flails
  1677 | D:2      | Reached skill level 1 in Polearms
  1677 | D:2      | Reached skill level 1 in Staves
  1677 | D:2      | Reached skill level 1 in Slings
  1677 | D:2      | Reached skill level 1 in Bows
  1677 | D:2      | Reached skill level 1 in Crossbows
  1677 | D:2      | Reached skill level 1 in Throwing
  1677 | D:2      | Reached skill level 1 in Shields
  1677 | D:2      | Reached skill level 1 in Unarmed Combat
  1677 | D:2      | Reached skill level 1 in Spellcasting
  1877 | D:2      | Reached XP level 4. HP: 32/34 MP: 5/5
  2321 | D:2      | Reached skill level 1 in Conjurations
  2321 | D:2      | Reached skill level 1 in Hexes
  2321 | D:2      | Reached skill level 1 in Summonings
  2321 | D:2      | Reached skill level 1 in Necromancy
  2321 | D:2      | Reached skill level 1 in Translocations
  2321 | D:2      | Reached skill level 1 in Transmutations
  2321 | D:2      | Reached skill level 1 in Fire Magic
  2321 | D:2      | Reached skill level 1 in Ice Magic
  2321 | D:2      | Reached skill level 1 in Air Magic
  2321 | D:2      | Reached skill level 1 in Earth Magic
  2321 | D:2      | Reached skill level 1 in Poison Magic
  2431 | D:3      | Found a glowing golden altar of the Shining One.
  2433 | D:3      | Noticed an angel
  2554 | D:3      | Reached *** piety under Lugonu
  2707 | D:3      | Reached XP level 5. HP: 40/40 MP: 6/6
  2912 | D:3      | Found a basalt altar of Yredelemnul.
  3399 | D:4      | Noticed a water moccasin
  3434 | D:4      | Reached XP level 6. HP: 28/47 MP: 8/8
  3443 | D:4      | Killed a water moccasin
  3444 | D:4      | Reached skill level 5 in Armour
  3597 | D:4      | Noticed a black bear
  3603 | D:4      | Killed a black bear
  3604 | D:4      | Reached XP level 7. HP: 19/52 MP: 10/10
  3660 | D:4      | Found a glowing drain.
  3666 | Sewer    | Entered a sewer
  3877 | Sewer    | Reached skill level 7 in Evocations
  4866 | D:4      | Found an opulent altar of Gozag.
  4906 | D:4      | Found an iron altar of Okawaru.
  4940 | D:5      | Entered Level 5 of the Dungeon
  4979 | D:5      | Noticed Sigmund
  4983 | D:5      | Killed Sigmund
  4984 | D:5      | Reached XP level 8. HP: 60/60 MP: 12/12
  4986 | D:5      | Noticed Edmund
  5008 | D:5      | Killed Edmund
  5527 | D:5      | Reached **** piety under Lugonu
  5833 | D:5      | Noticed Menkaure
  5834 | D:5      | Killed Menkaure
  6519 | D:5      | Reached XP level 9. HP: 23/66 MP: 14/14
  6805 | D:5      | Found the +7 staff of the Meek {protect, meekguard}
  7415 | D:6      | Identified the +0 buckler "Lusoat" {rElec rC+ Int+4}
  7707 | D:6      | Noticed Duvessa
  7707 | D:6      | Noticed Dowan
  7716 | D:6      | Killed Dowan
  7747 | D:5      | HP: 7/67 [Duvessa/+2 short sword of venom (18)]
  7752 | D:5      | Killed Duvessa
  7753 | D:5      | Reached skill level 5 in Fighting
  7753 | D:5      | Reached skill level 5 in Dodging
  8056 | D:6      | Reached skill level 5 in Stealth
  8072 | D:6      | Reached skill level 8 in Evocations
  8368 | D:6      | Found a staircase to the Ecumenical Temple.
  8510 | D:7      | Reached skill level 5 in Invocations
  9383 | D:7      | Reached XP level 10. HP: 71/74 MP: 17/17
  9734 | D:1      | Bought an amulet of regeneration for 420 gold pieces
  9958 | D:8      | Reached skill level 5 in Short Blades
  9958 | D:8      | Reached skill level 5 in Long Blades
  9958 | D:8      | Reached skill level 5 in Axes
  9958 | D:8      | Reached skill level 5 in Maces & Flails
  9958 | D:8      | Reached skill level 5 in Polearms
  9958 | D:8      | Reached skill level 5 in Staves
  9958 | D:8      | Reached skill level 5 in Slings
  9958 | D:8      | Reached skill level 5 in Bows
  9958 | D:8      | Reached skill level 5 in Crossbows
  9958 | D:8      | Reached skill level 5 in Throwing
  9958 | D:8      | Reached skill level 5 in Shields
  9958 | D:8      | Reached skill level 5 in Unarmed Combat
  9958 | D:8      | Reached skill level 5 in Spellcasting
 10030 | D:8      | Found a broken altar of Ashenzari.
 10981 | D:9      | Noticed a two-headed ogre
 10985 | D:9      | Banished a two-headed ogre
 11063 | D:9      | Noticed an elephant
 11170 | D:9      | Reached XP level 11. HP: 55/83 MP: 19/19
 11380 | D:9      | Reached ***** piety under Lugonu
 11381 | D:9      | Reached skill level 9 in Evocations
 11413 | D:9      | Found a staircase to the Lair.
 11453 | D:9      | Reached skill level 5 in Conjurations
 11453 | D:9      | Reached skill level 5 in Hexes
 11453 | D:9      | Reached skill level 5 in Summonings
 11453 | D:9      | Reached skill level 5 in Necromancy
 11453 | D:9      | Reached skill level 5 in Translocations
 11453 | D:9      | Reached skill level 5 in Transmutations
 11453 | D:9      | Reached skill level 5 in Fire Magic
 11453 | D:9      | Reached skill level 5 in Ice Magic
 11453 | D:9      | Reached skill level 5 in Air Magic
 11453 | D:9      | Reached skill level 5 in Earth Magic
 11453 | D:9      | Reached skill level 5 in Poison Magic
 11785 | D:9      | Noticed Erolcha
 11787 | D:9      | Cast into level 1 of the Abyss (Erolcha)
 11788 | D:9      | Escaped the Abyss
 11789 | D:9      | Killed Erolcha
 12183 | Lair:1   | Entered Level 1 of the Lair of Beasts
 12183 | Lair:1   | Noticed a seven-headed hydra
 12237 | D:10     | Entered Level 10 of the Dungeon
 12354 | D:10     | Noticed a two-headed ogre
 12362 | D:10     | Killed a two-headed ogre
 12368 | D:10     | Learned a level 1 spell: Animate Skeleton
 12394 | D:10     | Noticed Maggie
 12414 | D:10     | Killed Maggie
 12487 | D:10     | HP: 16/83 [freezing wraith (16)]
 12704 | D:10     | Noticed a skeletal warrior
 12704 | D:10     | Noticed a deep elf pyromancer
 12705 | D:10     | Noticed a tengu warrior
 12710 | D:10     | Noticed a centaur warrior
 12724 | D:10     | Killed a skeletal warrior
 12724 | D:10     | Killed a tengu warrior
 12726 | D:10     | HP: 16/84 [centaur warrior (5)]
 12726 | D:10     | Killed a centaur warrior
 12739 | D:10     | Noticed a red ugly thing
 12753 | D:10     | HP: 14/84 [red ugly thing (10)]
 12757 | D:10     | Killed a red ugly thing
 12866 | D:10     | Reached XP level 12. HP: 61/91 MP: 22/22
 12953 | D:10     | Got the Compendium of Hexes and Flames
 13740 | D:11     | Found a one-way gate to the infinite horrors of the Abyss.
 13740 | D:11     | Found a transporter.
 13740 | D:11     | Noticed SoEpicPie's ghost (novice DDFi)
 13753 | D:11     | Found a transporter.
 13755 | D:11     | Noticed a wretched star
 13860 | D:11     | Noticed a two-headed ogre
 13860 | D:11     | Noticed a seven-headed hydra
 13913 | D:11     | Noticed a hell hog
 13930 | D:11     | Killed a seven-headed hydra
 13948 | D:11     | Killed a two-headed ogre
 13951 | D:11     | Noticed a two-headed ogre
 13964 | D:11     | Noticed a rakshasa
 13988 | D:11     | Killed a two-headed ogre
 14232 | D:11     | Noticed Fannar
 14286 | D:11     | Killed Fannar
 14387 | D:11     | Reached skill level 10 in Evocations
 14432 | D:11     | Noticed a seven-headed hydra
 14447 | D:11     | Killed a seven-headed hydra
 14449 | D:11     | HP: 17/92 [something (22)]
 14453 | D:11     | Killed themself with a badly aimed iceblast

Illustrated notes

Levels and vault maps discovered:
D:1:      psy_arrival_radial01, layout_basic, serial_shops, shop,
          shapermc_ecumenical_altar_mp_vishouse, dreamdust_princess_corridor,
          minmay_3d_cube
D:2:      layout_basic
D:3:      layout_loops_ring, grunt_temple_overflow_holy_war, fountainhead,
          minmay_box_of_dots
D:4:      layout_layer_cave, mainiacjoe_overflow_two_lobes, portal_sewer_entry_d
D:5:      layout_cave_pods, nicolae_overflow_hidden_temple,
          pf_guarded_unrand_meek, uniq_sigmund, uniq_menkaure, uniq_edmund
D:6:      layout_loops_cross, minmay_temple_entry_nine_rooms,
          hangedman_minor_gate_pass, uniq_duvessa
D:7:      layout_rooms
D:8:      layout_loops_corners, general_overflow_altar
D:9:      layout_cave_pools, david_lair_generic, serial_co_window_serial,
          co_window_of_opportunity_a, co_window_corner_a,
          co_window_of_opportunity_a, co_window_paths_a, co_window_paths_a,
          co_window_corner_cb, co_window_2corner, co_window_corner_b,
          co_window_paths_e, glass_columns_a, uniq_erolcha
D:10:     minmay_cut_squares, layout_basic, uniq_maggie
D:11:     layout_roguey, gammafunk_ghost_abyssal_escape,
          hangedman_corner_corridor, uniq_sonja, uniq_fannar
Lair:1:   layout_small_grid

Skill      XL: |  1  2  3  4  5  6  7  8  9 10 11 12 |
---------------+-------------------------------------+-----
Invocations    | 1 2 3 4 5 6 7 8 |  8.2
Short Blades   | 1 2 3 4 5 6 7 |  7.5
Long Blades    | 1 2 3 4 5 6 7 |  7.5
Axes           | 1 2 3 4 5 6 7 |  7.5
Maces & Flails | 1 2 3 4 5 6 7 |  7.5
Polearms       | 1 2 3 4 5 6 7 |  7.5
Staves         | 1 2 3 4 5 6 7 |  7.5
Slings         | 1 2 3 4 5 6 7 |  7.5
Bows           | 1 2 3 4 5 6 7 |  7.5
Crossbows      | 1 2 3 4 5 6 7 |  7.5
Throwing       | 1 2 3 4 5 6 7 |  7.5
Shields        | 1 2 3 4 5 6 7 |  7.5
Unarmed Combat | 1 2 3 4 5 6 7 |  7.5
Spellcasting   | 1 2 3 4 5 6 7 |  7.5
Conjurations   | 1 2 3 4 5 6 |  6.2
Hexes          | 1 2 3 4 5 6 |  6.2
Summonings     | 1 2 3 4 5 6 |  6.2
Necromancy     | 1 2 3 4 5 6 |  6.2
Translocations | 1 2 3 4 5 6 |  6.2
Transmutations | 1 2 3 4 5 6 |  6.2
Fire Magic     | 1 2 3 4 5 6 |  6.2
Ice Magic      | 1 2 3 4 5 6 |  6.2
Air Magic      | 1 2 3 4 5 6 |  6.2
Earth Magic    | 1 2 3 4 5 6 |  6.2
Poison Magic   | 1 2 3 4 5 6 |  6.2
Fighting       | 3 4 5 6 7 8 |  8.0
Dodging        | 3 4 5 6 7 8 |  8.0
Armour         | 5 6 7 8 |  8.9
Stealth        | 3 4 5 6 7 |  7.9
Evocations     | 7 8 9 10 | 10.0

Action                   |  1- 3 |  4- 6 |  7- 9 | 10-12 || total
-------------------------+-------+-------+-------+-------++-------
Melee: Club              |    21 |       |       |       ||    21
       Bite              |    11 |     9 |    47 |    64 ||   131
       Spear             |    95 |       |       |       ||    95
       Dagger            |    15 |    92 |   127 |    38 ||   272
       Punch             |       |       |     2 |     4 ||     6
       Quarterstaff      |       |       |   171 |   467 ||   638
       Staff             |       |       |       |    57 ||    57
Throw: Stone             |    47 |    41 |   116 |    67 ||   271
       Dart              |       |       |    23 |    25 ||    48
       Boomerang         |       |       |       |    10 ||    10
 Cast: Animate Skeleton  |       |       |       |     5 ||     5
Invok: Bend Space        |       |       |     2 |     7 ||     9
       Banish            |       |       |       |     1 ||     1
       Depart the Abyss  |       |       |       |     1 ||     1
Evoke: Wand              |     4 |     8 |    17 |    39 ||    68
  Use: Scroll            |       |     8 |    11 |     5 ||    24
       Potion            |       |       |     3 |     2 ||     5
 Stab: Distracted        |       |       |       |     1 ||     1
Armor: Leather armour    |     5 |       |       |       ||     5
       Ring mail         |    16 |       |       |       ||    16
       Chain mail        |    52 |    79 |   232 |   418 ||   781
Dodge: Dodged            |    62 |    44 |   128 |   250 ||   484

Table legend: (Time is in decaauts)
 A = Elapsed time spent in this place.
 B = Non-inter-level travel time spent in this place.
 C = Inter-level travel time spent in this place.
 D = Time resting spent in this place.
 E = Time spent auto-exploring this place.
 F = Levels seen in this place.
 G = Mean time per level.
                   A        B        C        D        E       F      G
               +--------+--------+--------+--------+--------+-----+--------+
         Total |  14464 |  13486 |    978 |   2936 |   7384 |  14 | 1033.1 |
       Dungeon |  14185 |  13207 |    978 |   2807 |   7294 |  11 | 1289.5 |
          Lair |      1 |      1 |      0 |      0 |      0 |   1 |    1.0 |
         Abyss |      0 |      0 |      0 |      0 |      0 |   1 |    0.0 |
         Sewer |    276 |    276 |      0 |    129 |     89 |   1 |  276.0 |
               +--------+--------+--------+--------+--------+-----+--------+

Top non-repeatable levels by time:
     D:5: 1936 daAuts
     D:4: 1800 daAuts
     D:6: 1496 daAuts
     D:1: 1365 daAuts
    D:10: 1332 daAuts
     D:9: 1277 daAuts
     D:8: 1221 daAuts
     D:2: 1155 daAuts
     D:7: 964 daAuts
     D:3: 925 daAuts
    D:11: 711 daAuts
   Sewer: 276 daAuts
  Lair:1: 1 daAuts
 Abyss:1: 0 daAuts
